 Dungeon Crawl Stone Soup version 0.20.0-15-g7f486f2 (webtiles) character file.

237718 Chiseanne the Eclecticist (level 18, -1/153 HPs)
             Began as a Demonspawn Wanderer on June 10, 2017.
             Was an Initiate of Gozag.
             Shot with a bolt by a naga sharpshooter (11 damage)
             ... on level 4 of the Snake Pit on June 11, 2017.
             The game lasted 04:07:04 (60717 turns).

Chiseanne the Eclecticist (Demonspawn Wanderer)    Turns: 60717, Time: 04:07:04

Health: -1/153     AC: 25    Str: 10    XL:     18   Next: 97%
Magic:  0/53       EV: 16    Int: 31    God:    Gozag
Gold:   1067       SH: 10    Dex: 19    Spells: 3/50 levels left

rFire    + . .     SeeInvis .   a - +9 hand axe of Classification {chop, *Contam Int+6}
rCold    . . .     Gourm    .   L - +3 buckler {reflect}
rNeg     + + .     Faith    .   K - +3 ring mail of Qazlal's Favour {rElec rPois MP+9}
rPois    +         Spirit   +   Q - +2 hat of the Little Devil {rF+ rCorr Int+3}
rElec    +         Reflect  +   f - +1 cloak {+Inv}
rCorr    +         Harm     .   j - +2 pair of gloves
MR       +....                  C - +1 pair of boots
Stlth    ++++......             x - amulet "Syfue" {Inacc rElec rN+ Int+4 Stlth+}
Regen    0.4/turn               n - +2 ring of protection
MPRegen  0.7/turn               M - ring of magical power

@: very slightly contaminated
A: hooves 2, horns 1, rugged brown scales 3, camouflage 1, blink, low mp 1,
negative energy resistance 1, powered by pain 2, magic shield, magic
regeneration, magic link
}: 1/15 runes: decaying
a: Blink, Potion Petition, Call Merchant, Bribe Branch, Renounce Religion, Evoke
Invisibility


You were on level 4 of the Snake Pit.
You worshipped Gozag.
Gozag was most pleased with you.
You were not hungry.

You visited 9 branches of the dungeon, and saw 35 of its levels.
You visited the Abyss 1 time.

You collected 14198 gold pieces.
You spent 6676 gold pieces at shops.
You paid 6455 gold pieces to Gozag.

Inventory:

Hand Weapons
 a - the +9 hand axe of Classification (weapon) {chop, *Contam Int+6}
   (You found it on level 3 of the Swamp)

   It inflicts extra damage upon your enemies.
   It affects your intelligence (+6).
   It causes magical contamination when unequipped.
Missiles
 b - 57 bolts
 g - 7 javelins of penetration (quivered)
 t - 5 throwing nets {!*}
Armour
 f - a +1 cloak of invisibility (worn)
 j - a +2 pair of gloves (worn)
 A - a +1 shield of protection
 C - a +1 pair of boots (worn)
 E - a +0 shield of reflection
 K - the +3 ring mail of Qazlal's Favour (worn) {rElec rPois MP+9}
   (You bought it in a shop on level 2 of the Orcish Mines)

   It insulates you from electricity.
   It protects you from poison.
   It affects your magic capacity (+9).
 L - a +3 buckler of reflection (worn)
 Q - the +2 hat of the Little Devil (worn) {rF+ rCorr Int+3}
   (You bought it in a shop on level 10 of the Dungeon)

   It affects your intelligence (+3).
   It protects you from fire.
   It protects you from acid and corrosion.
Jewellery
 k - an uncursed ring of wizardry {unknown}
 n - a +2 ring of protection (left hand)
 x - the amulet "Syfue" (around neck) {Inacc rElec rN+ Int+4 Stlth+}
   (You bought it in a shop on level 13 of the Dungeon)

   [amulet of inaccuracy]

   It reduces the accuracy of all your attacks.
   It affects your intelligence (+4).
   It insulates you from electricity.
   It protects you from negative energy.
   It makes you more stealthy.
 M - a ring of magical power (right hand)
 P - the ring of the Magpie {rCorr +Fly}
   (You found it on level 10 of the Dungeon)

   [ring of resist corrosion]

   It lets you fly.
Wands
 h - a wand of paralysis (3/24)
 p - a wand of paralysis (9/24)
 J - a wand of digging (0/24)
 X - a wand of confusion (31/48)
Scrolls
 o - a scroll of immolation
 q - 14 scrolls of remove curse
 u - 2 scrolls of amnesia
 v - 2 scrolls of enchant weapon
 y - a scroll of fog
 z - a scroll of identify
 D - a scroll of recharging
Potions
 e - 2 potions of flight
 l - 7 potions of curing
 w - 2 potions of mutation
 O - 4 potions of resistance
 U - 2 potions of cancellation
Books
 B - a book of Spatial Translocations

   Spells                             Type                      Level
   a - Blink                          Translocation                2
   b - Shroud of Golubria             Charms/Translocation         2
   c - Lesser Beckoning               Translocation                3
   d - Gell's Gravitas                Translocation                3
   e - Teleport Other                 Translocation                3
   f - Passage of Golubria            Translocation                4
Miscellaneous
 c - a lightning rod (inert)
Comestibles
 d - 2 royal jellies
 i - 3 bread rations
 m - 5 meat rations


   Skills:
 - Level 13.2 Fighting
   Level 1.7 Short Blades
 - Level 4.2 Axes
 - Level 1.0 Throwing
 - Level 10.8 Armour
 - Level 8.9 Dodging
 - Level 2.6 Stealth
 * Level 10.9 Shields
 * Level 16.9 Spellcasting
 - Level 10.0 Conjurations
 - Level 4.3 Hexes
 * Level 7.3 Charms
 * Level 5.1 Translocations
 * Level 11.1 Fire Magic


You had 3 spell levels left.
You knew the following spells:

 Your Spells              Type           Power        Failure   Level  Hunger
a - Magic Dart            Conj           ####         1%          1    None
b - Force Lance           Conj/Tloc      ######..     1%          4    None
c - Iskenderun's Mystic   Conj           ######..     1%          4    None
d - Fireball              Conj/Fire      #######...   1%          5    None
e - Dazzling Spray        Conj/Hex       ######       1%          3    None
f - Tukima's Dance        Hex            ######..     1%          3    None
g - Confuse               Hex            ######..     1%          3    None
h - Apportation           Tloc           ######       1%          1    None
i - Searing Ray           Conj           ######       1%          2    None
j - Bolt of Fire          Conj/Fire      #######...   6%          6    ##.....
k - Ring of Flames        Chrm/Fire      ######....   52%         7    ####...
l - Blink                 Tloc           N/A          1%          2    None
m - Shroud of Golubria    Chrm/Tloc      ######....   1%          2    None
n - Passage of Golubria   Tloc           N/A          3%          4    None


Dungeon Overview and Level Annotations

Branches:
Dungeon (15/15)            Temple (1/1) D:6            Lair (6/6) D:10
  Swamp (4/4) Lair:2        Snake (4/4) Lair:4        Slime (0/5) Lair:5
    Orc (2/2) D:10            Elf (1/3) Orc:2        Vaults (1/5) D:14
 Depths (1/5) D:15

Altars:
Ashenzari
Cheibriados
Dithmenos
Elyvilon
Fedhas
Gozag
Hepliaklqana
Kikubaaqudgha
Nemelex Xobeh
Okawaru
Qazlal
Sif Muna
Trog
Uskayaw
Xom
Yredelemnul
The Shining One
Beogh
Jiyva

Shops:
D:8 [   D:10 [[   D:13 =   D:15 (:   Orc:2 [*[!   Snake:3 :

Annotations:
D:8 2 transporters
Orc:2 exclusion: upstairs
Depths:1 Jorgrun


Innate Abilities, Weirdness & Mutations

You have hoof-like feet.
You are completely covered in rugged brown scales. (AC +3, +7% HP)
You resist negative energy. (rN+)
You sometimes gain power by taking damage.
When hurt, damage is shared between your health and your magic reserves.
You regenerate magic rapidly.
When low on magic, you restore magic in place of health.
You have a pair of small horns on your head.
Your skin changes colour to match your surroundings (Stealth+).
You can translocate small distances at will.
Your magical capacity is low. (-10% MP)


Message History

The naga spits poison at you. The splash of poison misses you.
The nagaraja points at you and mumbles some strange words.
You resist with significant effort. The naga mage spits poison at you.
The splash of poison misses you.
The splash of poison misses the mana viper.
The splash of poison hits the nagaraja.
The nagaraja is no longer distracted by gold. 2 nagas come into view.
The naga shouts!
The shock serpent is no longer distracted by gold.
The mana viper is no longer distracted by gold.
The mana viper completely misses you. You block the naga's attack.
The nagaraja hits you but does no damage.
The naga sharpshooter casts a spell.
The naga sharpshooter magically shoots a bolt.
The bolt hits you!
You die...
Your body crumbles into a pile of gold.

,,,,,,,,..NN......#,,,,,,N###*
,,,,,$,,,...^.#...#.,,,..N.N.##*
,,,,,,,,,NN........,,,,......§§#*
,,,,,*****#.N....#****,........§*
****** #.N....# ***#.N(..§§#
#.SS...# *#....§§§ #..#N..#
##N...§§§ #......# ####N..§§§§#
***###...S.@#####......§§§§#
*****,.........SSNSSNNN.N.(§§§##
**,,,,...#.......NNNNN(.N.(((###
,,,,,,..,#......SS.N(..N(.####
,,,,,,.,........SN.N.%#####
,,,,,,*####....N(###### ,,,****
#..N...# ,,** #.N....# ,,**
#......#


You could see a naga warrior, 3 nagarajas, 5 naga sharpshooters, a shock
serpent, 3 mana vipers, 6 black mambas, a naga mage and 11 nagas.

Vanquished Creatures
  Nikola (Elf:1)
  A tentacled monstrosity (Swamp:1)
  A tentacled starspawn (Abyss:3)
  2 thorn hunters (Swamp:4)
  An orc warlord (Orc:1)
  An ironheart preserver (D:14)
  An entropy weaver (Abyss:3)
  A stone giant (D:15)
  A deep elf demonologist (Elf:1)
  A fire dragon (D:10)
  2 vault guards (D:14)
  A yaktaur captain (D:15)
  18 hydras
  Harold (Lair:4)
  2 ice dragons (Swamp:4)
  A rakshasa (Abyss:3)
  A catoblepas (Lair:4)
  13 naga warriors
  3 death knights (D:15)
  2 ogre magi (Orc:2)
  8 anacondas
  9 centaur warriors
  2 ghost crabs
  11 alligators
  4 death yaks
  16 two-headed ogres
  An orc high priest (D:10)
  5 thrashing horrors (Abyss:3)
  2 tengu warriors (D:14)
  Urug (D:14)
  A deep elf knight (Elf:1)
  10 shock serpents
  6 naga sharpshooters
  A fire crab (shapeshifter) (Abyss:3)
  A salamander mystic (Snake:3)
  8 unseen horrors
  11 swamp dragons
  4 skeletal warriors
  4 spriggan druids
  2 deep trolls (D:10)
  An orc knight (Elf:1)
  4 naga ritualists
  The ghost of Naow the Thaumaturge, a novice SpEE (D:8)
  2 phantasmal warriors (D:15)
  3 shambling mangroves
  3 deep elf archers (Elf:1)
  6 orc sorcerers
  6 deep elf magi
  2 wolf spider zombies (D:15)
  11 mana vipers
  3 oklob plants (Lair:1)
  24 ugly things
  A wolf spider (D:10)
  11 salamanders
  6 cyclopes
  2 manticores
  40 black mambas
  16 naga magi
  A torpor snail (Lair:3)
  3 guardian serpents
  A centaur zombie (D:15)
  A gargoyle (D:13)
  35 spiny frogs
  An efreet (Abyss:3)
  3 rime drakes
  8 komodo dragons
  A yaktaur (D:15)
  4 freezing wraiths (D:15)
  A merfolk (D:13)
  3 meliai (D:14)
  13 trolls
  6 polar bears
  A hornet (shapeshifter) (D:15)
  25 blink frogs
  16 hornets
  9 tyrant leeches
  A harpy skeleton (D:15)
  7 dream sheep
  13 hippogriffs
  Prince Ribbit (D:6)
  13 bog bodies
  17 slime creatures
  A centaur simulacrum (D:14)
  2 shadows
  2 water elementals
  9 spriggans
  2 dancing weapons
  2 small abominations (Abyss:3)
  A yak (shapeshifter) (D:15)
  68 yaks
  2 wraiths
  2 wyverns
  A fire elemental (Elf:1)
  A basilisk (D:13)
  4 fire bats
  16 humans
  3 hungry ghosts
  Eustachio (D:6)
  A neqoxec (Abyss:3)
  2 chaos spawn (Abyss:3)
  34 vampire mosquitoes
  A large abomination (Abyss:3)
  3 wargs
  32 nagas
  12 insubstantial wisps
  Edmund (D:5)
  2 acid dragons
  A soldier ant (D:15)
  18 swamp worms
  13 water moccasins
  12 porcupines
  3 ice beasts
  21 swamp drakes
  3 sky beasts
  6 black bears
  An eye of draining (D:12)
  19 orc warriors
  27 ogres
  5 phantoms
  16 wolves
  10 centaurs
  11 crocodiles
  3 big kobolds
  33 bullfrogs
  4 gnoll sergeants (D:10)
  8 scorpions
  9 wights
  An electric eel (Lair:6)
  5 howler monkeys
  5 crimson imps
  2 bullfrog zombies
  6 quasits
  9 hounds
  3 bullfrog skeletons
  7 jellies
  26 orc wizards
  12 orc priests
  10 centaur skeletons
  Terence (D:2)
  7 hell rats (Lair:4)
  5 iguanas
  10 worker ants
  A hound zombie (D:10)
  2 hound skeletons
  A howler monkey zombie (D:8)
  A worker ant zombie (D:7)
  17 gnolls
  A howler monkey skeleton (D:4)
  12 adders
  3 shadow imps
  A white imp (Abyss:3)
  An ooze (D:2)
  2 adder zombies
  An adder skeleton (D:5)
  2 worms
  3 dart slugs
  7 leopard geckos
  82 orcs
  3 bats
  6 giant cockroaches
  12 goblins
  8 hobgoblins
  8 jackals
  2 quokkas (D:5)
  3 frilled lizards
  15 kobolds
  A quokka skeleton (D:9)
  A quokka zombie (D:9)
  7 rats
  8 fungi
  4 plants
  2 starspawn tentacles (Abyss:3)
  A toadstool (D:1)
1243 creatures vanquished.

Vanquished Creatures (collateral kills)
  A tentacled monstrosity (Abyss:3)
  A tengu reaver (D:14)
  A vault warden (D:14)
  A two-headed ogre (D:14)
  Nergalle (Lair:2)
  2 water moccasins (Lair:2)
  2 ogres (Orc:2)
  2 orc warriors
  4 orcs
15 creatures vanquished.

Vanquished Creatures (others)
  A naga sharpshooter (Snake:4)
  A salamander (Snake:2)
  A black mamba (Snake:3)
  A troll (Orc:2)
  A tyrant leech (Swamp:2)
  A hornet (Swamp:2)
  An air elemental (Elf:1)
  13 dancing weapons
  2 centaurs
  An orc (Elf:1)
  2 quokkas (D:9)
  A bush (Abyss:3)
  2 demonic plants (Abyss:3)
  21 fungi
  A lurking horror (Abyss:3)
  53 plants
  12 starspawn tentacles (Abyss:3)
  3 toadstools (D:1)
118 creatures vanquished.

Grand Total: 1376 creatures vanquished

Notes
Turn   | Place    | Note
-------+----------+-------------------------------------------
     0 | D:1      | Chiseanne the Demonspawn Wanderer began the quest for the Orb.
     0 | D:1      | Chiseanne set off with: a +2 dagger, a scroll of fear, a +0 quarterstaff, a +0 short sword, a +0 robe, a bread ration
     0 | D:1      | Reached XP level 1. HP: 18/18 MP: 1/1
   444 | D:1      | Gained mutation: You are partially covered in rugged brown scales. (AC +1, +3% HP) [demonic ancestry]
   444 | D:1      | Reached XP level 2. HP: 15/24 MP: 2/2
   612 | D:1      | Reached skill level 1 in Dodging
  1055 | D:2      | Found a stormy altar of Qazlal.
  1065 | D:2      | Reached XP level 3. HP: 29/29 MP: 3/3
  1155 | D:2      | Found a bloodstained altar of Trog.
  1264 | D:2      | Noticed Terence
  1272 | D:2      | Killed Terence
  1272 | D:2      | Reached skill level 1 in Armour
  1395 | D:2      | Gained mutation: You sometimes gain a little power by taking damage. [demonic ancestry]
  1395 | D:2      | Reached XP level 4. HP: 32/38 MP: 4/4
  1891 | D:2      | Found a shimmering altar of Xom.
  2032 | D:3      | Found an iron altar of Okawaru.
  2372 | D:3      | Found a sparkling altar of Nemelex Xobeh.
  2563 | D:3      | Reached XP level 5. HP: 6/43 MP: 5/5
  3548 | D:4      | Reached XP level 6. HP: 34/50 MP: 6/6
  4180 | D:4      | Reached skill level 5 in Fighting
  4596 | D:5      | Entered Level 5 of the Dungeon
  4631 | D:5      | Found Xerchequle's Food Boutique.
  4759 | D:5      | Noticed Edmund
  4786 | D:5      | Killed Edmund
  4786 | D:5      | Gained mutation: You are mostly covered in rugged brown scales. (AC +2, +5% HP) [demonic ancestry]
  4786 | D:5      | Reached XP level 7. HP: 41/58 MP: 7/7
  5110 | D:5      | Got a transparent mace
  5111 | D:5      | Identified the cursed +1 mace "Cimox" {vamp, rF++ MR+} (You found it on level 5 of the Dungeon)
  5625 | D:6      | Noticed Eustachio
  5646 | D:6      | Killed Eustachio
  5646 | D:6      | Gained mutation: When hurt, damage is shared between your health and your magic reserves. [demonic ancestry]
  5646 | D:6      | Reached XP level 8. HP: 57/67 MP: 8/8
  5673 | D:6      | Reached skill level 5 in Dodging
  6323 | D:6      | Reached skill level 5 in Armour
  6560 | D:6      | Found a staircase to the Ecumenical Temple.
  6596 | Temple   | Entered the Ecumenical Temple
  6627 | Temple   | Became a worshipper of Gozag Ym Sagoz the Greedy
  6815 | D:6      | Noticed Prince Ribbit
  6836 | D:6      | Killed Prince Ribbit
  7185 | D:7      | Gained mutation: You have large cloven feet. [demonic ancestry]
  7185 | D:7      | Reached XP level 9. HP: 72/75 MP: 9/9
  7397 | D:7      | Noticed a troll
  7420 | D:7      | Killed a troll
  8044 | D:7      | Found a hazy altar of Hepliaklqana.
  8052 | D:7      | Got a jewelled plate armour
  8065 | D:7      | Identified the +2 plate armour of Lomnuar {rPois Regen+ rCorr} (You found it on level 7 of the Dungeon)
  8232 | D:7      | Found a shattered altar of Ashenzari.
  8631 | D:8      | Noticed a two-headed ogre
  8663 | D:8      | Killed a two-headed ogre
  8701 | D:8      | Found a transporter.
  8823 | D:8      | Found a transporter.
  8995 | D:8      | Noticed Naow's ghost (novice SpEE)
  9028 | D:8      | Killed Naow's ghost
  9028 | D:8      | Gained mutation: You regenerate magic rapidly. [demonic ancestry]
  9028 | D:8      | Reached XP level 10. HP: 67/87 MP: 7/10
  9135 | D:8      | Bought a +0 buckler of reflection for 119 gold pieces
  9457 | D:9      | Found a shadowy altar of Dithmenos.
  9660 | D:9      | Noticed a two-headed ogre
  9689 | D:9      | Killed a two-headed ogre
  9899 | D:9      | Found a white marble altar of Elyvilon.
  9925 | D:9      | Paralysed by fainting for 7 turns
 10073 | D:9      | Reached skill level 10 in Fighting
 10500 | D:10     | Entered Level 10 of the Dungeon
 10563 | D:10     | Noticed a two-headed ogre
 10602 | D:10     | Killed a two-headed ogre
 10602 | D:10     | Gained mutation: When low on magic, you restore magic in place of health. [demonic ancestry]
 10602 | D:10     | Reached XP level 11. HP: 60/95 MP: 7/11
 10703 | D:10     | Noticed a centaur warrior
 10717 | D:10     | Killed a centaur warrior
 10755 | D:10     | Reached skill level 5 in Shields
 10802 | D:10     | Killed an unseen horror
 10900 | D:10     | Got a shimmering turquoise ring
 10902 | D:10     | Identified the ring of the Magpie {rCorr +Fly} (You found it on level 10 of the Dungeon)
 11367 | D:10     | Found a staircase to the Orcish Mines.
 11847 | D:10     | Found a staircase to the Lair.
 11961 | D:10     | Bought the +2 hat of the Little Devil {rF+ rCorr Int+3} for 478 gold pieces
 12037 | D:11     | Noticed a two-headed ogre
 12055 | D:11     | Killed a two-headed ogre
 12255 | D:11     | Killed an unseen horror
 12526 | D:11     | Noticed a two-headed ogre
 12552 | D:11     | Killed a two-headed ogre
 12552 | D:11     | Reached skill level 10 in Armour
 13375 | D:12     | Noticed a purple ugly thing
 13400 | D:12     | Killed a purple ugly thing
 13434 | D:12     | Noticed a centaur warrior
 13454 | D:12     | Killed a centaur warrior
 13454 | D:12     | Gained mutation: You sometimes gain power by taking damage. [demonic ancestry]
 13454 | D:12     | Reached XP level 12. HP: 79/105 MP: 10/12
 15172 | D:13     | Noticed a centaur warrior
 15186 | D:13     | Killed a centaur warrior
 15186 | D:13     | Reached skill level 1 in Spellcasting
 15374 | D:13     | Learned a level 1 spell: Magic Dart
 15547 | D:13     | Noticed a centaur warrior
 15564 | D:13     | Killed a centaur warrior
 15564 | D:13     | Reached skill level 2 in Spellcasting
 15634 | D:13     | Noticed a seven-headed hydra
 15649 | D:13     | Killed a one-headed hydra
 15655 | D:13     | Found a blossoming altar of Fedhas.
 16077 | D:10     | Bought the +4 skin of Zhor {rC+++} for 747 gold pieces
 16091 | D:10     | Learned a level 2 spell: Searing Ray
 16095 | D:10     | Learned a level 3 spell: Dazzling Spray
 16100 | D:10     | Learned a level 4 spell: Force Lance
 16168 | D:14     | Found a gate to the Vaults.
 16168 | D:14     | Noticed Urug
 16168 | D:14     | Noticed a two-headed ogre
 16168 | D:14     | Noticed a centaur warrior
 16406 | D:13     | Reached skill level 3 in Spellcasting
 16406 | D:13     | Reached skill level 1 in Conjurations
 16569 | D:14     | Killed Urug
 16921 | D:14     | Killed a centaur warrior
 17208 | D:14     | Reached XP level 13. HP: 114/114 MP: 17/17
 18199 | Lair:1   | Entered Level 1 of the Lair of Beasts
 18442 | Lair:1   | Reached skill level 1 in Hexes
 18965 | Lair:1   | Reached skill level 1 in Translocations
 19092 | Lair:1   | Learned a level 4 spell: Iskenderun's Mystic Blast
 19151 | Orc:1    | Entered Level 1 of the Orcish Mines
 19151 | Orc:1    | Found a roughly hewn altar of Beogh.
 20072 | D:10     | Reached skill level 4 in Spellcasting
 20493 | Orc:2    | Entered Level 2 of the Orcish Mines
 20493 | Orc:2    | Found a staircase to the Elven Halls.
 20581 | Orc:2    | Found Remuded's Antique Armour Shop.
 21768 | Orc:2    | Reached skill level 5 in Spellcasting
 22900 | Orc:1    | Reached skill level 5 in Conjurations
 23290 | Orc:2    | Noticed an orc warlord
 23852 | D:13     | Bought the amulet "Syfue" {Inacc rElec rN+ Int+4 Stlth+} for 492 gold pieces
 23859 | D:13     | Learned a level 3 spell: Tukima's Dance
 23863 | D:13     | Learned a level 3 spell: Confuse
 23865 | D:13     | Bought a cursed ring of teleportation for 85 gold pieces
 24113 | D:5      | Bought a meat ration for 60 gold pieces
 24113 | D:5      | Bought a meat ration for 60 gold pieces
 24113 | D:5      | Bought a meat ration for 60 gold pieces
 24113 | D:5      | Bought a meat ration for 60 gold pieces
 24113 | D:5      | Bought a meat ration for 60 gold pieces
 24113 | D:5      | Bought 2 fruits for 36 gold pieces
 24727 | Lair:2   | Reached XP level 14. HP: 116/121 MP: 22/22
 25038 | Lair:2   | Noticed Nergalle
 25066 | Lair:2   | Found a staircase to the Swamp.
 25243 | Lair:2   | Killed Nergalle
 25373 | Lair:2   | Reached skill level 10 in Shields
 25676 | Lair:2   | Reached skill level 6 in Spellcasting
 26600 | Lair:3   | Reached skill level 5 in Translocations
 27230 | Lair:4   | Noticed Harold
 27267 | Lair:4   | Killed Harold
 27462 | Lair:3   | Reached skill level 7 in Spellcasting
 28870 | Lair:4   | Found a staircase to the Snake Pit.
 28884 | Lair:4   | Learned a level 1 spell: Apportation
 29797 | Orc:1    | Killed an orc warlord
 29797 | Orc:1    | Reached skill level 8 in Spellcasting
 30880 | Orc:2    | Found Oppue's Armour Emporium.
 30885 | Orc:2    | Found Kicoqoed's Assorted Antiques.
 30893 | Orc:2    | Bought a fizzy orange potion for 34 gold pieces
 30893 | Orc:2    | Bought a scroll labeled KAOQAN LAOL for 38 gold pieces
 30898 | Orc:2    | Found Xysmah's Distillery.
 30915 | Orc:2    | Bought a potion of heal wounds for 75 gold pieces
 30915 | Orc:2    | Bought a potion of curing for 45 gold pieces
 30915 | Orc:2    | Bought a potion of magic for 120 gold pieces
 30915 | Orc:2    | Bought 2 potions of resistance for 300 gold pieces
 30915 | Orc:2    | Bought a potion of heal wounds for 75 gold pieces
 30915 | Orc:2    | Bought a potion of heal wounds for 75 gold pieces
 30915 | Orc:2    | Bought a potion of cancellation for 120 gold pieces
 32224 | Orc:2    | Bought a bronze ring mail for 216 gold pieces
 32235 | Orc:2    | Identified the +3 ring mail of Qazlal's Favour {rElec rPois MP+9} (You bought it in a shop on level 2 of the Orcish Mines)
 32780 | D:14     | Reached skill level 9 in Spellcasting
 32868 | D:15     | Entered Level 15 of the Dungeon
 33597 | D:14     | Gained mutation: You are completely covered in rugged brown scales. (AC +3, +7% HP) [demonic ancestry]
 33597 | D:14     | Reached XP level 15. HP: 110/130 MP: 28/28
 34280 | D:15     | Reached skill level 10 in Spellcasting
 34321 | D:15     | Found a staircase to the Depths.
 35687 | Lair:5   | Found a viscous altar of Jiyva.
 35687 | Lair:5   | Found a staircase to the Slime Pits.
 36381 | Lair:5   | Reached skill level 11 in Spellcasting
 36649 | Lair:6   | Entered Level 6 of the Lair of Beasts
 37400 | Lair:6   | Reached skill level 12 in Spellcasting
 38380 | Lair:6   | Reached skill level 13 in Spellcasting
 38889 | Lair:6   | Got a smoking hand crossbow
 39619 | Depths:1 | Entered Level 1 of the Depths
 40558 | D:15     | Found a glowing golden altar of the Shining One.
 40625 | D:15     | Reached XP level 16. HP: 75/138 MP: 9/33
 43265 | D:15     | Bought a book of Fire for 1105 gold pieces
 43286 | D:15     | Learned a level 5 spell: Fireball
 43293 | D:15     | Learned a level 6 spell: Bolt of Fire
 43622 | Swamp:1  | Entered Level 1 of the Swamp
 43625 | Swamp:1  | Reached skill level 1 in Fire Magic
 43718 | Swamp:1  | Reached skill level 10 in Conjurations
 43917 | Swamp:1  | Reached skill level 14 in Spellcasting
 44110 | Swamp:1  | Got a pair of warped gloves
 44111 | Swamp:1  | Identified the +0 pair of gloves of Deucalu {+Blink Dex-4 Slay+2} (You found it on level 1 of the Swamp)
 44512 | Swamp:1  | Found a runed door.
 44512 | Swamp:1  | Noticed a tentacled monstrosity
 44769 | Swamp:1  | Killed a tentacled monstrosity
 44922 | Swamp:1  | Identified the +7 hand crossbow of the Ass {elec, MP+9 SInv} (You found it on level 6 of the Lair of Beasts)
 46449 | Swamp:3  | Got an ancient hand axe
 46452 | Swamp:3  | Identified the +9 hand axe of Classification {chop, *Contam Int+6} (You found it on level 3 of the Swamp)
 46487 | Swamp:3  | Reached skill level 5 in Fire Magic
 47420 | Swamp:4  | Entered Level 4 of the Swamp
 47429 | Swamp:4  | Noticed a thorn hunter
 47936 | Swamp:4  | Gained mutation: You have hoof-like feet. [demonic ancestry]
 47936 | Swamp:4  | Reached XP level 17. HP: 144/146 MP: 35/35
 47941 | Swamp:4  | Reached skill level 15 in Spellcasting
 49734 | Swamp:4  | Got a decaying rune of Zot
 50513 | D:15     | Learned a level 7 spell: Ring of Flames
 50604 | D:15     | Bought a crude morningstar for 252 gold pieces
 50604 | D:15     | Bought a crude short sword for 224 gold pieces
 50604 | D:15     | Bought a polished scimitar for 252 gold pieces
 50604 | D:15     | Bought a brightly glowing flail for 238 gold pieces
 50610 | D:15     | Identified the +8 morningstar "Cuotih" {holy, -Tele rC+++ MR- Stlth+} (You bought it in a shop on level 15 of the Dungeon)
 50652 | Vaults:1 | Entered Level 1 of the Vaults
 50753 | D:14     | Reached skill level 1 in Charms
 51605 | Elf:1    | Entered Level 1 of the Elven Halls
 51850 | Elf:1    | Noticed Nikola
 51861 | Elf:1    | Killed Nikola
 51861 | Elf:1    | Reached skill level 16 in Spellcasting
 52360 | Elf:1    | Cast into level 3 of the Abyss (a deep elf demonologist)
 52361 | Abyss:3  | Found a corrupted altar of Lugonu.
 52364 | Abyss:3  | Found a deep blue altar of Sif Muna.
 52645 | Abyss:3  | Gained mutation: Scrolls take you a little longer to read. [a neqoxec]
 52942 | Abyss:3  | Gained mutation: You resist negative energy. (rN+) [demonic ancestry]
 52942 | Abyss:3  | Reached XP level 18. HP: 86/153 MP: 33/38
 52981 | Abyss:3  | Noticed a tentacled monstrosity
 53038 | Abyss:3  | Killed a tentacled monstrosity
 53041 | Elf:1    | Escaped the Abyss
 53047 | Elf:1    | Noticed a Tzitzimitl
 53598 | D:15     | Lost mutation: Scrolls take you a little longer to read. [potion of mutation]
 53598 | D:15     | Gained mutation: Your skin changes colour to match your surroundings (Stealth+). [potion of mutation]
 53598 | D:15     | Gained mutation: Your magical capacity is low. (-10% MP) [potion of mutation]
 53598 | D:15     | Gained mutation: You can translocate small distances at will. [potion of mutation]
 53598 | D:15     | Gained mutation: You have a pair of small horns on your head. [potion of mutation]
 53613 | D:15     | Identified the +9 flail of True Grit {vamp, rPois Str-4 Int+3 Dex+5} (You bought it in a shop on level 15 of the Dungeon)
 53619 | D:15     | Identified the +8 scimitar of Fieklarph {elec, *Noise +Fly MR+++ Stlth+} (You bought it in a shop on level 15 of the Dungeon)
 53621 | D:15     | Identified the +3 short sword of Unreason {venom, +Rage rC+} (You bought it in a shop on level 15 of the Dungeon)
 53826 | Depths:1 | Noticed Jorgrun
 54432 | D:5      | Bought a royal jelly for 24 gold pieces
 54432 | D:5      | Bought a royal jelly for 24 gold pieces
 54432 | D:5      | Bought a royal jelly for 24 gold pieces
 54432 | D:5      | Bought a royal jelly for 24 gold pieces
 54432 | D:5      | Bought a bread ration for 60 gold pieces
 54432 | D:5      | Bought 3 fruits for 54 gold pieces
 54721 | Snake:1  | Entered Level 1 of the Snake Pit
 54947 | Snake:1  | Found a hide-covered altar of Uskayaw.
 55159 | Snake:1  | Reached skill level 5 in Charms
 55159 | Snake:1  | Reached skill level 10 in Fire Magic
 56190 | Snake:2  | Got an ichor-stained leather armour
 56191 | Snake:2  | Identified the +2 leather armour of Lilacs {*Contam rF+ Str+2} (You found it on level 2 of the Snake Pit)
 56602 | Snake:2  | Reached skill level 1 in Axes
 58926 | Snake:3  | Found Xuoxteot's Book Boutique.
 58932 | Snake:3  | Bought a book of Spatial Translocations for 1040 gold pieces
 58935 | Snake:3  | Learned a level 2 spell: Blink
 58938 | Snake:3  | Learned a level 2 spell: Shroud of Golubria
 58943 | Snake:3  | Learned a level 4 spell: Passage of Golubria
 59002 | Snake:4  | Entered Level 4 of the Snake Pit
 59288 | Snake:4  | Found an opulent altar of Gozag.
 60715 | Snake:4  | HP: 6/153 [poisoned by a black mamba]
 60717 | Snake:4  | Shot with a bolt by a naga sharpshooter

Skill      XL: |  1  2  3  4  5  6  7  8  9 10 11 12 13 14 15 16 17 18 |
---------------+-------------------------------------------------------+-----
Dodging        | 1 2 3 4 6 7 8 |  8.9
Armour         | 1 2 3 4 5 7 8 10 | 10.8
Fighting       | 4 5 6 7 9 10 11 12 13 | 13.2
Shields        | 4 7 8 9 10 | 10.9
Spellcasting   | 3 5 9 13 14 16 | 16.9
Conjurations   | 2 5 8 9 10 | 10.0
Hexes          | 4 |  4.3
Translocations | 4 5 |  5.1
Fire Magic     | 6 9 11 | 11.1
Charms         | 4 7 |  7.3
Axes           | 4 |  4.2
Short Blades   | |  1.7
Throwing       | |  1.0
Stealth        | |  2.6

Action                   |  1- 3 |  4- 6 |  7- 9 | 10-12 | 13-15 | 16-18 || total
-------------------------+-------+-------+-------+-------+-------+-------++-------
Melee: Quarterstaff      |   104 |    97 |    97 |       |       |       ||   298
       Dagger            |       |   134 |   360 |   763 |   834 |       ||  2091
       Hand axe          |       |       |    70 |   385 |    31 |    50 ||   536
       Long sword        |       |       |       |   294 |   685 |    92 ||  1071
       War axe           |       |       |       |       |    12 |       ||    12
       Staff             |       |       |       |       |     5 |       ||     5
       Headbutt          |       |       |       |       |       |     2 ||     2
 Fire: Blowgun           |       |       |     4 |     7 |    16 |       ||    27
       Hunting sling     |       |       |       |       |    16 |       ||    16
Throw: Javelin           |       |       |       |       |     2 |       ||     2
       Throwing net      |       |       |       |       |       |     1 ||     1
 Cast: Magic Dart        |       |       |       |     2 |   395 |   226 ||   623
       Searing Ray       |       |       |       |     1 |    19 |       ||    20
       Dazzling Spray    |       |       |       |       |   228 |     2 ||   230
       Confuse           |       |       |       |       |    88 |    17 ||   105
       Force Lance       |       |       |       |       |   271 |   454 ||   725
       Iskenderun's Myst |       |       |       |       |   262 |   822 ||  1084
       Tukima's Dance    |       |       |       |       |    63 |    18 ||    81
       Apportation       |       |       |       |       |    11 |     2 ||    13
       Fireball          |       |       |       |       |       |   174 ||   174
       Blink             |       |       |       |       |       |     7 ||     7
       Bolt of Fire      |       |       |       |       |       |     3 ||     3
       Passage of Golubr |       |       |       |       |       |     2 ||     2
       Shroud of Golubri |       |       |       |       |       |     1 ||     1
Invok: Call Merchant     |       |       |       |     2 |     3 |     1 ||     6
Evoke: Wand              |       |       |     3 |     5 |     7 |     4 ||    19
       Lightning rod     |       |       |       |       |       |     8 ||     8
       Sack of spiders   |       |       |       |       |       |     2 ||     2
  Use: Scroll            |     3 |     4 |     6 |    11 |    25 |    25 ||    74
       Potion            |       |     1 |       |     3 |    13 |    12 ||    29
 Stab: Sleeping          |     4 |     5 |     1 |     1 |     9 |       ||    20
       Distracted        |     1 |       |       |     4 |     4 |     1 ||    10
       Paralysed         |       |       |       |     5 |     2 |       ||     7
       Invisible         |       |       |       |     2 |    49 |       ||    51
       Confused          |       |       |       |       |    21 |       ||    21
  Eat: Chunk             |     2 |    10 |     7 |       |       |       ||    19
       Royal jelly       |       |       |     1 |     2 |     3 |     4 ||    10
       Bread ration      |       |       |     2 |     7 |    10 |     1 ||    20
       Fruit             |       |       |       |     3 |     2 |    14 ||    19
       Meat ration       |       |       |       |       |     9 |     8 ||    17
Armor: Leather armour    |    34 |    86 |       |       |       |       ||   120
       Ring mail         |       |    17 |   232 |       |   157 |   365 ||   771
       Plate armour      |       |       |   186 |  1309 |       |       ||  1495
       Animal skin       |       |       |       |    35 |   465 |       ||   500
Dodge: Dodged            |    75 |   170 |   353 |   387 |  1770 |   519 ||  3274
Block: Buckler           |       |       |       |   467 |  1072 |   428 ||  1967
       Reflection        |       |       |       |     7 |    13 |    53 ||    73
       Shield            |       |       |       |       |       |     1 ||     1
       Rpst.: Long sword |       |       |       |    19 |   215 |    17 ||   251
